 Dungeon Crawl Stone Soup version 0.21.0-25-ge575cb9 (webtiles) character file.

975 Monsterracer the Fighter (level 7, -2/68 HPs)
             Began as a Minotaur Monk on Jan 24, 2018.
             Was a Believer of Wu Jian.
             Slain by a wight
             ... wielding a +4 morningstar
              (9 damage)
             ... on level 5 of the Dungeon.
             The game lasted 00:18:19 (7576 turns).

Monsterracer the Fighter (Minotaur Monk)            Turns: 7576, Time: 00:18:20

Health: -2/68      AC:  7    Str: 16    XL:     7   Next: 95%
Magic:  6/6        EV: 16    Int:  7    God:    Wu Jian [**....]
Gold:   184        SH:  0    Dex: 16    Spells: 6/6 levels left

rFire    + . .     SeeInvis .   a - +0 falchion {!a}
rCold    . . .     Gourm    .   (no shield)
rNeg     . . .     Faith    .   u - +2 robe {rF+}
rPois    +         Spirit   .   (helmet restricted)
rElec    .         Reflect  .   (no cloak)
rCorr    .         Harm     .   l - +2 pair of gloves
MR       .....                  (no boots)
Stlth    ++........             (no amulet)
HPRegen  0.21/turn              h - +2 ring of dexterity
MPRegen  0.10/turn              r - ring of poison resistance {!d}

@: drained
A: retaliatory headbutt, horns 2
a: Wall Jump, Renounce Religion


You were on level 5 of the Dungeon.
You worshipped Wu Jian.
Wu Jian was pleased with you.
You were not hungry.

You visited 2 branches of the dungeon, and saw 7 of its levels.

You collected 184 gold pieces.

Inventory:

Hand Weapons
 a - a +0 falchion (weapon) {!a}
Armour
 l - a +2 pair of gloves (worn)
 u - a +2 robe of fire resistance (worn)
Jewellery
 g - an uncursed ring of protection from fire {!d}
 h - a +2 ring of dexterity (left hand)
 r - a ring of poison resistance (right hand) {!d}
Scrolls
 b - a scroll of fog
 d - a scroll of remove curse
 m - 2 scrolls of enchant armour
 p - a scroll of teleportation
 t - a scroll of blinking
Potions
 e - 2 potions of resistance
 f - a potion of lignification {unknown}
 i - 2 potions of curing
 j - 3 potions of ambrosia {unknown}
 k - a potion of mutation {unknown}
 n - 3 potions of might
 q - a potion of brilliance {unknown}
 s - a potion of heal wounds
 v - a potion of cancellation {unknown}
Comestibles
 c - 11 rations


   Skills:
 + Level 8.0(6.9) Fighting
 * Level 5.7(4.6) Long Blades
 + Level 7.3(6.2) Dodging
 - Level 1.5(0.6) Stealth


You had 6 spell levels left.
You didn't know any spells.

Dungeon Overview and Level Annotations

Branches:
Dungeon (6/15)             Temple (1/1) D:5

Altars:
Ashenzari
Elyvilon
Fedhas
Hepliaklqana
Kikubaaqudgha
Nemelex Xobeh
Sif Muna
Trog
Uskayaw
Vehumet
Wu Jian
Xom
Zin
The Shining One


Innate Abilities, Weirdness & Mutations

You reflexively headbutt those who attack you in melee.
You have a pair of horns on your head.


Message History

You headbutt the wight.
The wight is moderately damaged.
You spin and attack the phantom.
You hit the phantom but do no damage.
The phantom is moderately damaged.
You are feeling hungry.
The phantom misses you. You furiously retaliate!
You headbutt the phantom! The wight misses you.
The hound zombie bites you but does no damage.
The phantom blinks!
The adder zombie closely misses you. You furiously retaliate!
You headbutt the adder zombie, but do no damage.
Found a scroll of remove curse.
You spin and attack the adder zombie.
You closely miss the adder zombie.
You headbutt the adder zombie, but do no damage.
The adder zombie misses you. You furiously retaliate!
You headbutt the adder zombie.
You spin and attack the adder zombie.
You hit the adder zombie. You headbutt the adder zombie.
The adder zombie is almost destroyed.
The adder zombie barely misses you.
You riposte.
You barely miss the adder zombie.
The adder zombie is almost destroyed.
The hound zombie barely misses you.
You spin and attack the adder zombie.
You barely miss the adder zombie.
The adder zombie is almost destroyed.
The adder zombie bites you but does no damage.
Really attack while wielding your +0 falchion {!a}?
Okay, then.
The hound zombie bites you.
You take 1 damage, and have 37/68 hp.
You see here a leopard gecko corpse.
You butcher the leopard gecko corpse.
The hound zombie bites you but does no damage.
The adder zombie bites you but does no damage.
The hound zombie bites you.
* * * LOW HITPOINT WARNING * * *
Things that are here:
2 chunks of flesh; a leopard gecko skeleton You take 4 damage, and have 34/68 hp.
Eat one of 2 chunks of flesh? (ye/n/q)
You eat one of the 2 chunks of flesh.
This raw flesh tastes terrible.
The adder zombie barely misses you.
You riposte.
You barely miss the adder zombie. You headbutt the adder zombie.
You destroy the adder zombie!
The Council accepts your kill. The hound zombie misses you.
You spin and attack the hound zombie.
You barely miss the hound zombie. Your headbutt misses the hound zombie.
The hound zombie closely misses you. You furiously retaliate!
You headbutt the hound zombie!
You spin and attack the orc.
You barely miss the orc. The orc closely misses you. You furiously retaliate!
You headbutt the orc. The wight barely misses you.
The phantom blinks!
The wight closely misses you.
You spin and attack the wight.
You hit the wight.
The wight is severely damaged.
The wight closely misses you.
The wight hits you with an enchanted battleaxe!
* * * LOW HITPOINT WARNING * * *
You feel drained.
* * * LOW HITPOINT WARNING * * *
You take 11 damage, and have 24/68 hp.
You spin and attack the orc.
You hit the orc. You headbutt the orc.
The orc is severely wounded.
The phantom blinks!
The orc hits you with a war axe.
* * * LOW HITPOINT WARNING * * *
There is a stone staircase leading up, spattered with blood here.
You take 2 damage, and have 22/68 hp.
The wight misses you. You furiously retaliate!
You headbutt the wight, but do no damage.
The hound zombie bites you but does no damage.
The wight barely misses you.
You climb upwards.
There is a stone staircase leading down here.
You spin and attack the wight.
You hit the wight.
The wight is lightly damaged.
The wight hits you with an enchanted morningstar.
* * * LOW HITPOINT WARNING * * *
You feel drained.
* * * LOW HITPOINT WARNING * * *
You take 8 damage, and have 15/68 hp.
You repeatedly attack the wight from above.
You hit the wight but do no damage. You headbutt the wight.
The wight is heavily damaged.
You closely miss the wight.
The wight is heavily damaged.
The wight hits you but does no damage.
The wight hits you with an enchanted morningstar!
* * * LOW HITPOINT WARNING * * *
You take 9 damage, and have 6/68 hp.
Unknown command.
Unknown command.
Unknown command.
Unknown command.
You spin and attack the wight.
You closely miss the wight.
The wight is heavily damaged.
The wight hits you but does no damage.
You lunge at the wight.
You hit the wight but do no damage.
The wight is heavily damaged.
The wight hits you with an enchanted morningstar!
You die...

#.......#
##)##............#
#########
#..#............#
######
##.#............#
#....#
#......(.......#
#.##.#
##.##+##########
#.#..# #.##.# #.#.##
#....#
####.#.########..#.###
.....#.......#..@....#
.....#.#####.#..z..#.#
.....### #.#.....#.#
.....# #.#|#..>#.#
..^..# #.#.#.#...#
.....#######...#.#.###
# .....#......####.#.#
#########
....##.####.# #.#.#
#......##
....##.####.#
#.#.######......##


You could see a wight.

Vanquished Creatures
  An ice beast (D:5)
  3 ogres
  A centaur (D:5)
  A scorpion (D:4)
  The ghost of troglodite the Charmwright, a weakling DgSk (D:3)
  A bullfrog zombie (D:5)
  2 hounds
  A centaur zombie (D:6)
  A centaur skeleton (D:5)
  Ijyb (D:5)
  5 worker ants
  A hound skeleton (D:5)
  2 adders
  A gnoll (D:1)
  A river rat (D:5)
  2 adder zombies (D:6)
  2 worms
  3 dart slugs
  3 leopard geckos
  4 orcs
  7 giant cockroaches
  6 goblins
  7 hobgoblins
  11 jackals
  7 kobolds
  4 quokkas
  3 ball pythons (D:5)
  7 bats
  7 frilled lizards
  A giant cockroach zombie (D:6)
  8 rats
105 creatures vanquished.

Notes
Turn   | Place    | Note
-------+----------+-------------------------------------------
     0 | D:1      | Monsterracer the Minotaur Monk began the quest for the Orb.
     0 | D:1      | Reached XP level 1. HP: 19/19 MP: 0/0
    97 | D:1      | HP: 10/20 [jackal (2)]
   284 | D:1      | Reached skill level 4 in Fighting
   421 | D:1      | Reached XP level 2. HP: 21/27 MP: 1/1
  1069 | D:2      | Reached XP level 3. HP: 34/34 MP: 2/2
  1888 | D:2      | Found a bloodstained altar of Trog.
  2005 | D:2      | HP: 14/35 [goblin/club (5)]
  2011 | D:2      | HP: 12/35 [goblin/club (3)]
  2024 | D:2      | HP: 11/35 [goblin/club (1)]
  2031 | D:2      | HP: 11/35 [hobgoblin/club (1)]
  2059 | D:1      | Reached XP level 4. HP: 13/41 MP: 3/3
  2575 | D:3      | Reached skill level 5 in Fighting
  2599 | D:3      | Noticed troglodite's ghost (weakling DgSk)
  2624 | D:3      | Killed troglodite's ghost
  2941 | D:3      | Reached skill level 5 in Dodging
  3030 | D:3      | Reached XP level 5. HP: 48/48 MP: 4/4
  3293 | D:3      | Found a glowing silver altar of Zin.
  3797 | D:4      | Noticed an ogre
  3817 | D:5      | Entered Level 5 of the Dungeon
  3997 | D:3      | HP: 25/50 [poisoned by a worker ant]
  4003 | D:3      | HP: 24/50 [poisoned by a worker ant]
  4010 | D:3      | HP: 23/50 [poisoned by a worker ant]
  4258 | D:4      | Got a warped whip
  4324 | D:4      | Reached skill level 6 in Fighting
  4607 | D:4      | Reached XP level 6. HP: 51/58 MP: 5/5
  5105 | D:4      | HP: 28/58 [ogre/giant spiked club (4)]
  5400 | D:5      | Reached skill level 7 in Fighting
  5410 | D:5      | Noticed Ijyb
  5428 | D:4      | HP: 23/60 [ogre/giant club (28)]
  5623 | D:4      | HP: 25/60 [ogre/giant club (8)]
  5629 | D:4      | HP: 19/60 [ogre/giant club (7)]
  5639 | D:4      | HP: 2/60 [ogre/giant club (19)]
  5952 | D:4      | HP: 20/60 [ogre/giant club (28)]
  5959 | D:4      | Reached XP level 7. HP: 24/66 MP: 6/6
  6215 | D:5      | Found a staircase to the Ecumenical Temple.
  6254 | Temple   | Entered the Ecumenical Temple
  6452 | Temple   | Became a worshipper of the Wu Jian Council
  6452 | Temple   | Reached * piety under Wu Jian
  6452 | Temple   | Reached ** piety under Wu Jian
  6889 | D:5      | Found a blossoming altar of Fedhas.
  7055 | D:5      | Killed Ijyb
  7187 | D:5      | Found a hide-covered altar of Uskayaw.
  7238 | D:6      | HP: 31/67 [wight/halberd (9)]
  7247 | D:6      | Reached skill level 5 in Long Blades
  7247 | D:6      | HP: 17/67 [wight/halberd (10)]
  7545 | D:6      | Reached skill level 8 in Fighting
  7562 | D:6      | HP: 34/68 [hound zombie (4)]
  7567 | D:6      | HP: 26/68 [wight/enchanted battleaxe (9)]
  7572 | D:5      | HP: 6/68 [wight/enchanted morningstar (9)]
  7576 | D:5      | Slain by a wight

Skill      XL: |  1  2  3  4  5  6  7 |
---------------+----------------------+-----
Fighting       | 4 5 6 7 8 |  8.0
Dodging        | 4 5 6 7 |  7.3
Long Blades    | 5 |  5.7
Stealth        | |  1.5

Action                   |  1- 3 |  4- 6 |  7- 9 || total
-------------------------+-------+-------+-------++-------
Melee: Headbutt          |    14 |    18 |    31 ||    63
       Falchion          |       |       |    95 ||    95
Invok: Whirlwind         |       |       |    77 ||    77
       Lunge             |       |       |    12 ||    12
       Wall Jump         |       |       |     2 ||     2
  Use: Scroll            |       |    11 |       ||    11
 Stab: Sleeping          |       |       |     3 ||     3
  Eat: Chunk             |     3 |    11 |     7 ||    21
Armor: Robe              |    47 |    31 |    22 ||   100
       Ring mail         |       |    66 |       ||    66
Dodge: Dodged            |   195 |   219 |    89 ||   503
       Rpst.: Falchion   |    57 |    68 |    30 ||   155

Vault maps used:
D:1:      mrwooster_arrival_statue_3
D:2:      bloody_trog
D:3:      marbit_many_paths
D:5:      kennysheep_mini_moat, kennysheep_mini, minmay_temple_entry_trees,
          first_ration, portal_sewer_entry_c, uniq_ijyb
D:6:      cheibrodos_quashed, lemuel_crystal_altar, nemelex_spade_bored_becter
Temple:   minmay_temple_curvy_loop
